 Dungeon Crawl Stone Soup version 0.25-a0-479-g8579842fd4 (webtiles) character file.

Game seed: 18425066296543321408, levelgen mode: deterministic

245 kae the Ruffian (level 5, -7/40 HPs)
             Began as a Draconian Transmuter on Feb 9, 2020.
             Mangled by an ogre
             ... wielding a +0 giant club
              (13 damage)
             ... on level 2 of the Dungeon.
             The game lasted 00:05:49 (4716 turns).

kae the Ruffian (Draconian Transmuter)              Turns: 4716, Time: 00:05:50

Health: -7/40      AC:  2    Str: 13    XL:     5   Next: 84%
Magic:  6/10       EV: 17    Int: 13    God:
Gold:   154        SH:  0    Dex: 17    Spells: 5/11 levels left

rFire    . . .     SeeInvis .     - Unarmed
rCold    . . .     Gourm    .   (shield currently unavailable)
rNeg     . . .     Faith    .   (armour unavailable)
rPois    x         Spirit   .   (helmet currently unavailable)
rElec    .         Reflect  .   (cloak currently unavailable)
rCorr    .         Harm     .   (gloves currently unavailable)
MR       .....                  (boots currently unavailable)
Stlth    ++........             (no amulet)
HPRegen  0.13/turn              (no ring)
MPRegen  0.12/turn              (no ring)

@: spider-form (expiring), heavily drained
A: tiny, unfitting armour, AC +5
a: End Transformation


You were on level 2 of the Dungeon.
You were not hungry.
You were a venomous arachnid creature.
You visited 1 branch of the dungeon, and saw 4 of its levels.

You collected 154 gold pieces.

Inventory:

Missiles
 a - 25 arrows
Armour
 g - a +2 pair of boots (melded)
Jewellery
 e - an uncursed ring of ice
 k - an uncursed amulet of harm
Scrolls
 b - 3 scrolls of identify
 d - 2 scrolls of remove curse
 i - a scroll of enchant armour
Potions
 f - a potion of brilliance
 h - a potion of curing
Comestibles
 c - 5 rations


   Skills:
 - Level 1.1(0.0) Fighting
 - Level 1.7(0.2) Dodging
 * Level 4.8(3.1) Unarmed Combat
 * Level 3.8(2.2) Spellcasting
 + Level 3.2(1.6) Transmutations


You had 5 spell levels left.
You knew the following spells:

 Your Spells              Type           Power        Failure   Level  Hunger
a - Beastly Appendage     Tmut           #.....       30%         1    ##.....
b - Sticks to Snakes      Tmut           #.......     38%         2    ###....
c - Spider Form           Tmut/Pois      #.........   69%         3    ####...

Your spell library contained the following spells:

 Spells                   Type           Power        Failure   Level  Hunger
 Ice Form                 Ice/Tmut       #.......     96%         4    #####..
 Blade Hands              Tmut           #.........   99%         5    ######.


Dungeon Overview and Level Annotations

Branches:
Dungeon (4/15)
 Temple: D:4-7

Altars:
Cheibriados
Nemelex Xobeh

Annotations:
D:3 Pikel


Innate Abilities, Weirdness & Mutations

((Your plain brown scales are hard. (AC +5)))
You cannot fit into any form of body armour.
((You are cold-blooded and may be slowed by cold attacks.))


Message History

Confirm with . or Enter, or press ? or * to list all spells.
You create a snake!
You now have 25 arrows.
The ogre closely misses you. The ogre hits you with a +0 giant club.
Your ball python barely misses the ogre.
Your ball python barely misses the ogre.
Your ball python bites the ogre but does no damage.
Casting: Sticks to Snakes (safe; 19% risk of failure)
Confirm with . or Enter, or press ? or * to list all spells.
You turn into a venomous arachnid creature.
Your +2 pair of boots melds into your body.
Your transformation is almost over.
The ogre hits you with a +0 giant club!!
Ouch! That really hurt!
* * * LOW HITPOINT WARNING * * *
Your ball python bites the ogre but does no damage.
Your ball python bites the ogre.
You hit the ogre.
The ogre is poisoned.
The ogre is lightly wounded.
The ogre hits you with a +0 giant club!
You die...

##.................
#.......##)#######
#.......##)#
##########.#
#.####### #........
#################.
#.OS.....# #.
#s######.# #.
#.#....#.# #.
#.#.##.#S########.
#.#.........)...#.
#.####.#.######<#(
#......#.########.
########.......)..
###########


You could see an ogre and a friendly ball python.

Vanquished Creatures
  3 slaves (D:3)
  An orc wizard (D:3)
  Terence (D:2)
  8 adders
  3 worms (D:2)
  2 dart slugs
  A leopard gecko (D:3)
  9 orcs
  10 bats
  5 giant cockroaches
  11 goblins
  8 hobgoblins
  12 jackals
  6 kobolds
  A quokka (D:3)
  A ball python (D:1)
  7 frilled lizards
  9 rats
98 creatures vanquished.

Notes
Turn   | Place    | Note
-------+----------+-------------------------------------------
     0 | D:1      | kae the Draconian Transmuter began the quest for the Orb.
     0 | D:1      | Reached XP level 1. HP: 16/16 MP: 3/3
   215 | D:1      | Reached XP level 2. HP: 22/23 MP: 3/5
   446 | D:1      | You fall into a shaft and drop 1 floor!
   563 | D:2      | Reached XP level 3. HP: 15/28 MP: 7/7
   588 | D:2      | Found a snail-covered altar of Cheibriados.
  1197 | D:2      | Noticed Terence
  1255 | D:2      | Reached XP level 4. HP: 17/35 MP: 8/8
  1431 | D:2      | Learned a level 2 spell: Sticks to Snakes
  1435 | D:2      | Learned a level 3 spell: Spider Form
  1465 | D:2      | Killed Terence
  1465 | D:2      | Reached skill level 4 in Unarmed Combat
  2618 | D:3      | Reached XP level 5. HP: 37/40 MP: 6/10
  3298 | D:3      | Found a sparkling altar of Nemelex Xobeh.
  3573 | D:4      | Noticed an ogre
  3578 | D:4      | Noticed an ogre
  3627 | D:4      | Noticed Pikel
  3627 | D:4      | Noticed a slave
  3627 | D:4      | Noticed a slave
  3627 | D:4      | Noticed a slave
  3629 | D:4      | Noticed a slave
  3682 | D:2      | HP: 2/40 [poisoned by an adder]
  3988 | D:3      | Killed a slave
  4124 | D:4      | Noticed an ogre
  4233 | D:3      | Killed a slave
  4318 | D:3      | Killed a slave
  4716 | D:2      | Mangled by an ogre

Levels and vault maps discovered:
D:1:      sevenhm_arrival_forest_fort_small_3, layout_basic,
          wander_ebering_terrifying_dragon_lair
D:2:      layout_basic, lemuel_crystal_altar, first_ration, uniq_terence
D:3:      layout_rooms, nemelex_spade_bored_becter
D:4:      layout_cave_pools, minmay_temple_entry_antechambers, uniq_pikel,
          uniq_edmund

Skill      XL: |  1  2  3  4  5 |
---------------+----------------+-----
Spellcasting   | 3 |  3.8
Unarmed Combat | 4 |  4.8
Transmutations | 3 |  3.2
Fighting       | |  1.1
Dodging        | |  1.7

Action                   |  1- 3 |  4- 6 || total
-------------------------+-------+-------++-------
Melee: Unarmed           |   126 |   214 ||   340
       Tailslap          |    10 |    10 ||    20
       Kick              |     4 |    13 ||    17
       Headbutt          |     5 |     3 ||     8
       Punch             |     2 |     4 ||     6
 Cast: Beastly Appendage |    11 |    24 ||    35
       Spider Form       |       |    10 ||    10
       Sticks to Snakes  |       |     1 ||     1
  Use: Potion            |     5 |     2 ||     7
       Scroll            |       |     6 ||     6
  Eat: Chunk             |     1 |    10 ||    11
       Ration            |       |     1 ||     1
Armor: Skin              |    31 |    82 ||   113
Dodge: Dodged            |    85 |   222 ||   307

Table legend:
 A = Non-vault XP
 B = Vault XP
 C = Vault XP percentage of total XP
 D = Non-vault monster count
 E = Vault monster count
 F = Vault count percentage of total count
                 A         B        C        D         E       F
            +---------+---------+-------+---------+---------+-------
      Total |     314 |      37 |  10.5 |      93 |       2 |   2.1
            +---------+---------+-------+---------+---------+-------
        D:1 |      47 |       1 |   2.1 |      29 |       1 |   3.3
        D:2 |     125 |      36 |  22.4 |      31 |       1 |   3.1
        D:3 |     142 |       0 |   0.0 |      33 |       0 |   0.0
            +---------+---------+-------+---------+---------+-------
